 Dungeon Crawl Stone Soup version 0.29.1-15-g9cfb28693d (webtiles) character file.

Game seed: 8280037541805703141

382 Omnicron the Trooper (level 6, 0/53 HPs)
             Began as a Ghoul Monk on Mar 4, 2023.
             Splashed by a jelly's acid (1 damage)
             ... on level 4 of the Dungeon.
             The game lasted 00:07:42 (2612 turns).

Omnicron the Trooper (Ghoul Monk)                   Turns: 2612, Time: 00:07:43

Health: 0/53       AC: -13   Str: 17    XL:     6   Next: 76%
Magic:  5/5        EV: 11    Int:  5    God:
Gold:   139        SH:  5    Dex: 11    Spells: 5/5 levels left

rFire   . . .      SeeInvis .     - Unarmed
rCold   + . .      Faith    .   (no shield)
rNeg    + + +      Spirit   .   i - +0 ring mail
rPois   ∞          Reflect  +   g - +0 helmet
rElec   .          Harm     .   (no cloak)
rCorr   .          Rampage  .   (no gloves)
Will    .....                   (no boots)
Stlth   +.........              p - amulet of reflection
HPRegen 0.00/turn               (no ring)
MPRegen 0.09/turn               (no ring)

@: corroded, inhibited regen
A: claws 1, cold resistance 1, negative energy resistance 3, inhibited
regeneration, torment resistance 2, devour on kill
a: no special abilities


You were on level 4 of the Dungeon.
You visited 1 branch of the dungeon, and saw 4 of its levels.

You collected 139 gold pieces.

Inventory:

Missiles
 h - 6 javelins
 o - 12 stones (quivered)
Armour
 a - a +0 robe
 g - a +0 helmet (worn)
 i - a +0 ring mail (worn)
 n - a +1 leather armour of fire resistance
Jewellery
 p - an amulet of reflection (around neck)
Scrolls
 f - 3 scrolls of noise {unknown}
 j - a scroll of teleportation {unknown}
 k - 3 scrolls of identify {unknown}
 l - a scroll of poison {unknown}
 q - a scroll of acquirement {unknown}
 u - a scroll of torment {unknown}
 v - a scroll of immolation {unknown}
 w - a scroll of enchant weapon {unknown}
Potions
 b - 2 potions of ambrosia
 c - 2 potions of flight {unknown}
 d - a potion of might
 e - 3 potions of degeneration {unknown}
 m - 4 potions of curing {unknown}
 r - a potion of heal wounds {unknown}
 s - a potion of resistance {unknown}
 t - a potion of cancellation {unknown}
 x - a potion of brilliance {unknown}


   Skills:
 + Level 4.6 Fighting
 + Level 2.2 Throwing
 + Level 2.5 Armour
 + Level 3.8 Dodging
 - Level 2.1 Stealth
 + Level 4.6 Unarmed Combat


You had 5 spell levels left.
You didn't know any spells.
Your spell library contained the following spells:

 Spells                   Type           Power      Damage    Failure   Level
 Confusing Touch          Hex            0%         N/A       96%         3
 Yara's Violent Unravell  Hex/Tmut       0%         3d3       100%        5
 Enfeeble                 Hex            0%         N/A       100%        7


Dungeon Overview and Level Annotations

Branches:
Dungeon (4/15)
 Temple: D:4-7

Altars:
Trog


Innate Abilities, Weirdness & Mutations

You are immune to poison.
You have sharp fingernails.
Your flesh is cold resistant. (rC+)
You are immune to negative energy. (rN+++)
You do not regenerate when monsters are visible.
You are immune to unholy pain and torment.
You thrive by killing the living.


Message History

You closely miss the quokka. The quokka closely misses you.
You closely miss the quokka. You claw the quokka.
You kill the quokka!
You scratch the jelly.
Your claws burn!
The jelly is moderately wounded.
You block the jelly's attack.
You scratch the jelly but do no damage.
Your claws burn!
The jelly is moderately wounded.
You block the jelly's attack.
You claw the jelly! The acid corrodes you!
Your claws burn!
The jelly is heavily wounded.
The jelly closely misses you.
You scratch the jelly.
Your claws burn!
The jelly is severely wounded.
You scratch the jelly but do no damage.
Your claws burn!
The jelly is severely wounded.
You block the jelly's attack.
You scratch the jelly. The acid corrodes you!
Your claws burn!
The jelly is severely wounded.
A kobold comes into view. It is wielding a +0 club.
An endoplasm comes into view.
The jelly hits you.
You are splashed with acid!
The kobold shouts!
The endoplasm quivers.
You scratch the jelly but do no damage. The acid corrodes you!
Your claws burn!
The jelly is severely wounded.
The jelly barely misses you.
You scratch the jelly but do no damage. The acid corrodes you!
Your claws burn!
* * * LOW HITPOINT WARNING * * *
The jelly is severely wounded.
A scorpion comes into view.
The jelly hits you.
* * * LOW HITPOINT WARNING * * *
The acid corrodes you!
You are splashed with acid!
* * * LOW HITPOINT WARNING * * *
You barely miss the jelly.
The jelly is severely wounded.
The jelly barely misses you.
You scratch the jelly but do no damage.
Your claws burn!
You die...

.... .....###.
.... #........
..... #........
...J. #........
......#........
......#........
...............
## #@J## .#
#...# .#
#.#.#########
.#
#............
.#
#####.#######
.# #..# .# ##.#
.#
##########.##
.#
#...........##


You could see a jelly and an endoplasm.

Vanquished Creatures
  Sigmund (D:3)
  A howler monkey (D:4)
  An orc priest (D:4)
  A jelly (D:4)
  Jessica (D:2)
  An orc wizard (D:4)
  A gnoll (D:1)
  A dart slug (D:3)
  6 orcs (D:4)
  4 ball pythons (D:1)
  2 bats
  6 endoplasms
  8 hobgoblins
  2 jackals (D:1)
  2 quokkas
  3 frilled lizards (D:1)
  7 goblins
  2 kobolds
  3 rats
53 creatures vanquished.

Notes
Turn   | Place    | Note
-------+----------+-------------------------------------------
     0 | D:1      | Omnicron the Ghoul Monk began the quest for the Orb.
     0 | D:1      | Reached XP level 1. HP: 19/19 MP: 0/0
   120 | D:1      | Reached XP level 2. HP: 24/26 MP: 1/1
   159 | D:1      | Found a faded altar of an unknown god.
   506 | D:1      | Reached skill level 1 in Armour
   506 | D:1      | Reached XP level 3. HP: 31/31 MP: 2/2
  1193 | D:2      | Noticed Jessica
  1202 | D:2      | Killed Jessica
  1203 | D:2      | Reached skill level 1 in Throwing
  1203 | D:2      | Reached XP level 4. HP: 26/40 MP: 3/3
  1603 | D:3      | Found a bloodstained altar of Trog.
  1889 | D:3      | Noticed Sigmund
  1908 | D:3      | Killed Sigmund
  1909 | D:3      | Reached XP level 5. HP: 36/47 MP: 4/4
  1909 | D:3      | Reached XP level 6. HP: 40/53 MP: 5/5
  2610 | D:4      | HP: 1/53 [acid (11)]
  2612 | D:4      | Splashed by a jelly's acid

Illustrated notes

Levels and vault maps discovered:
D:1:      onia_arrival_mini_spirals, layout_basic,
          chequers_ecumenical_altar_simple_redux, minmay_pentomino_v2
D:2:      layout_rooms, kennysheep_jessica_study
D:3:      layout_loops_cross, bloody_trog, kennysheep_generic_room_12,
          uniq_jessica, uniq_sigmund
D:4:      layout_basic, minmay_curled_crystal

Skill      XL: |  1  2  3  4  5  6 |
---------------+-------------------+-----
Armour         | 1 2 |  2.5
Dodging        | 3 |  3.8
Throwing       | 1 2 |  2.2
Fighting       | 4 |  4.6
Unarmed Combat | 4 |  4.6
Stealth        | |  2.1

Action                   |  1- 3 |  4- 6 || total
-------------------------+-------+-------++-------
Melee: Unarmed           |    71 |    93 ||   164
       Punch             |     1 |     2 ||     3
Throw: Javelin           |     3 |       ||     3
 Stab: Sleeping          |     1 |       ||     1
Armor: Robe              |     2 |       ||     2
       Ring mail         |     8 |    28 ||    36
Dodge: Dodged            |    31 |    39 ||    70
Block: Other             |       |     6 ||     6
